AoeStats
← pls let me win

Black Forest

506258286Analyzed
3v3 RM · 20d ago on Sep 12, 2026· 52m 47s· 6 players
Game mode
Random Map
Map size
Normal (6 player)
Population
200
Speed
Normal
Resources
Standard
Victory
Conquest
Starting age
Dark Age
Ending age
Imperial Age
RankedLock teamsTeams togetherTeam positionsShared explorationLock speedFull tech treeHidden civsTurbo modeCheats
Victory
Defeat
🇹🇷 Dravidians · Türkiye
917
+15
🇲🇽 Turks · Mexico
836
+19
🇦🇷 Vietnamese · Argentina
834
+18
🇬🇧 Britons · United Kingdom
917
-53
🇬🇧 Spanish · United Kingdom
902
-18
🇬🇧 Bohemians · United Kingdom
864
-16
ratoton
12:27 Feudal Age
12:53 Horse Collar
17:37 Castle Age
16:26 Double-Bit Axe
16:51 Gold Mining
22:37 Imperial Age
28:41 Padded Archer Armor
31:01 Loom
31:52 Wheelbarrow
32:36 Town Watch
34:04 Hand Cart
35:21 Town Patrol
44:46 Bow Saw
44:39 Heavy Plow
45:22 Gold Shaft Mining
44:43 Stone Mining
45:07 Forging
45:03 Scale Barding Armor
46:02 Caravan
47:18 Two-Man Saw
47:36 Bloodlines
47:26 Husbandry
49:31 Iron Casting
49:17 Chain Barding Armor
Tubbi
1:26 Loom
13:00 Feudal Age
14:54 Double-Bit Axe
18:54 Castle Age
17:11 Stone Mining
18:38 Horse Collar
19:50 Heavy Plow
20:19 Bow Saw
24:18 Stone Shaft Mining
23:37 Gold Mining
25:21 Caravan
28:02 Padded Archer Armor
29:21 Thumb Ring
29:59 Squires
29:52 Fletching
30:19 Elite Skirmisher
32:30 Bodkin Arrow
32:53 Leather Archer Armor
36:33 Imperial Age
34:48 Treadmill Crane
36:54 Elite Rattan Archer
37:55 Paper Money
38:15 Wheelbarrow
37:25 Town Watch
39:57 Chemistry
39:17 Ballistics
39:20 Imperial Skirmisher
40:08 Bracer
40:38 Ring Archer Armor
42:21 Crop Rotation
42:57 Two-Man Saw
42:19 Forging
42:14 Scale Barding Armor
43:11 Husbandry
43:21 Bloodlines
42:32 Cavalier
43:51 Iron Casting
47:21 Hand Cart
47:06 Town Patrol
mag8044
0:28 Loom
12:40 Feudal Age
13:13 Double-Bit Axe
13:25 Stone Mining
13:30 Gold Mining
13:27 Horse Collar
20:30 Castle Age
20:43 Forging
20:35 Scale Mail Armor
20:38 Padded Archer Armor
20:30 Fletching
21:51 Heavy Plow
22:31 Bow Saw
27:40 Wheelbarrow
27:32 Town Watch
31:05 Chain Mail Armor
31:26 Iron Casting
30:47 Bodkin Arrow
32:28 Leather Archer Armor
33:08 Hand Cart
36:05 Imperial Age
34:04 Ballistics
35:02 Town Patrol
34:54 Arson
34:42 Elite Skirmisher
35:41 Thumb Ring
38:01 Two-Man Saw
37:42 Plate Mail Armor
38:13 Blast Furnace
37:14 Bracer
37:45 Ring Archer Armor
38:22 Chemistry
36:45 Imperial Skirmisher
38:24 Conscription
38:02 Elite Urumi Swordsman
pls let me win
0:28 Loom
10:58 Feudal Age
12:30 Horse Collar
12:38 Double-Bit Axe
14:09 Wheelbarrow
16:26 Town Watch
20:14 Castle Age
19:46 Gold Mining
19:54 Stone Mining
19:59 Fletching
21:13 Hand Cart
21:26 Bow Saw
21:18 Heavy Plow
25:39 Stone Shaft Mining
28:01 Hand Cart
27:48 Town Patrol
28:54 Ballistics
30:30 Murder Holes
30:46 Masonry
30:49 Fortified Wall
30:50 Masonry
34:51 Imperial Age
32:47 Murder Holes
33:27 Bodkin Arrow
33:39 Scale Barding Armor
35:13 Chain Barding Armor
36:39 Chemistry
36:01 Conscription
35:03 Elite Conquistador
36:54 Two-Man Saw
37:06 Murder Holes
38:16 Hoardings
41:07 Bracer
41:42 Plate Barding Armor
41:52 Architecture
42:59 Caravan
43:29 Coinage
43:10 Guilds
ʚ♡ɞ Mr. Yung Prime Shopper
0:29 Loom
14:04 Feudal Age
15:28 Wheelbarrow
15:44 Horse Collar
16:04 Double-Bit Axe
26:06 Castle Age
24:59 Padded Archer Armor
24:51 Fletching
26:59 Elite Skirmisher
27:15 Pikeman
34:30 Bow Saw
35:33 Husbandry
40:15 Hand Cart
47:55 Chemistry
51:47 Man-at-Arms
Dogshit at life
1:39 Loom
18:37 Feudal Age
20:33 Horse Collar
21:08 Double-Bit Axe
28:53 Castle Age
27:46 Arson
32:58 Padded Archer Armor
32:50 Fletching
33:14 Forging
36:13 Leather Archer Armor
35:54 Bodkin Arrow
36:07 Gambesons
35:43 Man-at-Arms
Connection lost

Rejoining the realm…

Still unreachable

The connection could not be restored.

Session expired

The server has moved on; the page needs a fresh start.